 Dungeon Crawl Stone Soup version 0.30-a0-341-g682706514a (webtiles) character file.

Game seed: 15119888427828416192

24 zishaf the Magician (level 3, 27/27 HPs)
             Began as a Djinni Venom Mage on Nov 2, 2022.
             Was an Initiate of Yredelemnul.
             Quit the game on level 1 of the Dungeon.
             The game lasted 00:01:51 (932 turns).

zishaf the Magician (Djinni Venom Mage)              Turns: 932, Time: 00:01:52

Health: 27/27      AC:  2    Str: 13    XL:     3   Next: 15%
Gold:   36         EV: 12    Int: 18    God:    Yredelemnul [......] SH:  0 Dex: 13

rFire   + + .      SeeInvis .    b - +0 short sword
rCold   x . .      Faith    .    (no shield)
rNeg    . . .      Spirit   .    a - +0 robe
rPois   ∞          Reflect  .    (no helmet)
rElec   .          Harm     .    (no cloak)
rCorr   .          Rampage  .    (no gloves)
Will    .....                    (boots unavailable)
Stlth   ++........               (no amulet)
HPRegen 0.24/turn                i - +6 ring of strength
MPRegen 0.00/turn                (no ring)

@: flying
A: sickness immunity, fire resistance 2, cold vulnerability 1, float, innate
caster, HP casting, extra vitality 1
a: Renounce Religion, Recall Undead Harvest


You were on level 1 of the Dungeon.
You worshipped Yredelemnul.
Yredelemnul was noncommittal.
You visited 1 branch of the dungeon, and saw 1 of its levels.

You collected 36 gold pieces.

Inventory:

Hand Weapons
 b - a +0 short sword (weapon)
Armour
 a - a +0 robe (worn)
Jewellery
 i - a +6 ring of strength (left hand)
Scrolls
 f - a scroll of magic mapping {unknown}
 g - a scroll of identify {unknown}
 h - a scroll of noise {unknown}
 j - a scroll of acquirement {unknown}
Potions
 c - a potion of might {unknown}
 d - a potion of heal wounds {unknown}
 e - a potion of flight {unknown}
 k - a potion of ambrosia {unknown}


   Skills:
 + Level 1.5 Fighting
 - Level 2.1 Dodging
 - Level 1.5 Stealth
 + Level 2.8 Spellcasting
 + Level 0.3 Invocations


You couldn't memorise any spells.
You knew the following spells:

 Your Spells              Type           Power      Damage    Failure   Level
a - Sting                 Tmut/Pois      48%        1d5       5%          1
b - Poisonous Vapours     Pois/Air       24%        N/A       8%          2
c - Mephitic Cloud        Conj/Pois/Air  12%        N/A       16%         3
d - Olgreb's Toxic Radia  Pois           12%        N/A       45%         4
e - Necrotise             Necr           48%        1d6       5%          1
Your spell library was empty.

Dungeon Overview and Level Annotations

Branches:
Dungeon (1/15)

Altars:
Yredelemnul


Innate Abilities, Weirdness & Mutations

You are immune to sickness and miasma.
You are immune to poison.
Your flesh is very heat resistant. (rF++)
You are vulnerable to cold. (rC-)
You float through the air rather than walking.
You learn spells naturally, not from books.
Your magical power is your life essence.
You have superior vitality. (+4 MHP)


Message History

Confirm with . or Enter, or press ? or * to list all spells.
Aiming: Sting (safe; 5% risk of failure)
Press: ? - help, Shift-Dir - straight line, f - dart slug
Aim: a dart slug (ally target, 100% to hit)
The sting hits the dart slug.
The dart slug is poisoned.
The dart slug is severely wounded.
The dart slug closely misses you.
Casting: Sting (safe; 5% risk of failure)
Confirm with . or Enter, or press ? or * to list all spells.
Aiming: Sting (safe; 5% risk of failure)
Press: ? - help, Shift-Dir - straight line, f/p - dart slug
Aim: a dart slug (almost dead, poisoned, ally target, 100% to hit)
The sting hits the dart slug.
The dart slug looks even sicker.
You kill the dart slug!
The dead are slithering!
Casting: Sting (safe; 5% risk of failure)
Confirm with . or Enter, or press ? or * to list all spells.
You can't see any susceptible monsters within range! (Use Z to cast anyway.)
You swap places.
You swap places.
There is an open door here.
You reach down and open the door.
Found a book of Frost.
There is an open door here.
You see here a book of Frost.
You swap places.
You see here a book of Frost.
You swap places.
You swap places.
There is an open door here.
You swap places.
You swap places.
You swap places.
There is a dry fountain here.
Key pressed, stopping explore.
Done exploring.
Done exploring.
No target in view!
You reach down and open the door.
Are you sure you want to abandon this character and quit the game? (Confirm with "yes".)

#..#...#.#.######.#...#
#......#..........#....
#.##.)).............#..
#.##.........Z....###.#
#Z##.#.......####.# #..
#.##..............# ###
#Z####..#.#.#.....# #
#.#....Z....+.....#####
#.#...@##.###.....#....
#.#....'..# #.....#.#..
#.##...#### #.....#.#..
#.##...# #.......#..
#.###### ###..:..#..
#.# #.....#.. #.#
#####.....#.. #.#
#......##.#.. #Z#
#......##.###


You could see a friendly bat zombie and a friendly adder zombie.

Vanquished Creatures
  A dart slug (D:1)
  2 endoplasms (D:1)
  2 giant cockroaches (D:1)
  2 goblins (D:1)
  2 kobolds (D:1)
  A quokka (D:1)
  4 ball pythons (D:1)
  2 bats (D:1)
  2 frilled lizards (D:1)
18 creatures vanquished.

Vanquished Creatures (collateral kills)
  A goblin (D:1)
  2 kobolds (D:1)
  A frilled lizard (D:1)
4 creatures vanquished.

Vanquished Creatures (others)
  An adder zombie (D:1)
1 creature vanquished.

Grand Total: 23 creatures vanquished

Notes
Turn   | Place    | Note
-------+----------+-------------------------------------------
     0 | D:1      | zishaf the Djinni Venom Mage began the quest for the Orb.
     0 | D:1      | zishaf set off with the following spells memorised: Sting,
                  | Poisonous Vapours, Mephitic Cloud, Olgreb's Toxic Radiance.
     0 | D:1      | Reached XP level 1. HP: 15/15 MP: 0/0
   117 | D:1      | Found a faded altar of an unknown god.
   232 | D:1      | Prayed at the altar of an unknown god.
   232 | D:1      | Became a worshipper of Yredelemnul the Dark
   232 | D:1      | Reached * piety under Yredelemnul
   320 | D:1      | Reached XP level 2. HP: 22/22 MP: 0/0
   346 | D:1      | Reached skill level 1 in Fighting
   618 | D:1      | Reached XP level 3. HP: 10/27 MP: 0/0
   618 | D:1      | Learned a level 1 spell: Necrotise
   836 | D:1      | Reached ** piety under Yredelemnul
   932 | D:1      | Quit the game

Illustrated notes

Levels and vault maps discovered:
D:1:      amcnicky_arrival_single_pillar, layout_basic,
          ebering_ecumenical_altar_abandoned, fountainhead

Skill      XL: |  1  2 |
---------------+-------+-----
Fighting       | 1 |  1.5
Dodging        | |  2.1
Stealth        | |  1.5
Spellcasting   | |  2.8
Invocations    | |  0.3

Action                   || total
-------------------------++-------
Melee: Short sword       ||    36
 Cast: Sting             ||    20
 Stab: Sleeping          ||     1
       Distracted        ||     1
Armor: Robe              ||     6
Dodge: Dodged            ||    39

Table legend: (Time is in decaauts)
 A = Elapsed time spent in this place.
 B = Non-inter-level travel time spent in this place.
 C = Inter-level travel time spent in this place.
 D = Time resting spent in this place.
 E = Time spent auto-exploring this place.
 F = Levels seen in this place.
 G = Mean time per level.
                   A        B        C        D        E       F      G
               +--------+--------+--------+--------+--------+-----+--------+
         Total |    931 |    900 |     31 |      0 |    676 |   1 |  931.0 |
       Dungeon |    931 |    900 |     31 |      0 |    676 |   1 |  931.0 |
               +--------+--------+--------+--------+--------+-----+--------+

Top non-repeatable levels by time:
     D:1: 931 daAuts
